 Dungeon Crawl Stone Soup version 0.31.0-1-g2c135a008e (webtiles) character file.

Game seed: 3914060973845444010

167 qw the Shooter (level 5, -5/40 HPs)
             Began as a Djinni Hunter on Jan 23, 2024.
             Slain by a gnoll
             ... wielding a +0 spear
              (9 damage)
             ... on level 4 of the Dungeon.
             The game lasted 00:00:09 (2568 turns).

qw the Shooter (Djinni Hunter)                      Turns: 2568, Time: 00:00:10

Health: -5/40      AC:  3    Str: 10    XL:     5   Next: 76%
Gold:   272        EV: 13    Int: 10    God:
                   SH:  0    Dex: 19

rFire   + + .        a - +0 shortbow
rCold   . . .        (shield currently unavailable)
rNeg    . . .        c - +0 leather armour
rPois   inf          (no helmet)
rElec   .            (no cloak)
rCorr   .            (no gloves)
SInv    .            (boots unavailable)
Will    .....        l - amulet of regeneration
Stlth   ++           i - ring of ice
HPRegen 1.06/turn    j - ring of protection from fire
MPRegen 0.00/turn

%: infuse magic (-6 HP)
@: flying
A: sickness immunity, fire resistance 2, cold vulnerability 1, float, innate
caster, HP casting, extra vitality 1
a: no special abilities


You were on level 4 of the Dungeon.
You visited 1 branch of the dungeon, and saw 4 of its levels.

You collected 272 gold pieces.


Innate Abilities, Weirdness & Mutations

You are immune to sickness and miasma.
You are immune to poison.
Your flesh is very heat resistant. (rF++)
You are vulnerable to cold. (rC-)
You float through the air rather than walking.
You learn spells naturally, not from books.
Your magical power is your life essence.
You have superior vitality. (+4 MHP)


   Skills:
 - Level 3.0 Fighting
 + Level 4.8 Ranged Weapons
 - Level 3.0 Dodging
 - Level 0.7 Stealth


You knew the following spells:

 Your Spells              Type           Power      Damage    Failure   Level
a - Necrotise             Necr           0%         1d4       45%         1
b - Ensorcelled Hibernat  Hex/Ice        0%         N/A       61%         2
Your spell library was empty.

Inventory:

Hand Weapons
 a - a +0 shortbow (weapon)
Armour
 c - a +0 leather armour (worn)
Jewellery
 i - a ring of ice (left hand)
 j - a ring of protection from fire (right hand)
 l - an amulet of regeneration (around neck)
Wands
 e - a wand of mindburst (20)
Potions
 b - a potion of mutation {unknown}
 f - a potion of haste
 g - a potion of curing

Dungeon Overview and Level Annotations

Branches:
Dungeon (4/15)             Temple (0/1) D:4

Altars:
Cheibriados
Gozag
Hepliaklqana


Message History

The gnoll is moderately wounded.
The gnoll barely misses you. The gnoll closely misses you.
You shoot an arrow. The arrow barely misses the gnoll.
The gnoll hits you with a +0 club. The gnoll barely misses you.
The gnoll hits you with a +0 club.
The gnoll hits you from afar with a +0 spear.
You shoot an arrow. The arrow closely misses the gnoll.
The gnoll hits you with a +0 club!
The gnoll hits you from afar with a +0 spear.
You shoot an arrow. The arrow hits the gnoll.
The gnoll is heavily wounded.
The gnoll hits you from afar with a +0 spear.
The gnoll hits you with a +0 club.
You shoot an arrow.
The arrow hits the gnoll but does no damage.
The gnoll is heavily wounded.
The gnoll barely misses you.
The gnoll hits you from afar with a +0 spear.
You shoot an arrow. The arrow hits the gnoll.
The gnoll is heavily wounded.
The gnoll barely misses you.
The gnoll hits you from afar with a +0 spear!
2564 ||| DRINKING potion of heal wounds.
You feel much better. The gnoll hits you but does no damage.
The gnoll barely misses you.
You shoot an arrow. The arrow hits the gnoll!
You kill the gnoll!
The gnoll closely misses you. x2
You shoot an arrow. The arrow hits the ogre!
The ogre is moderately wounded.
The gnoll closely misses you. The ogre barely misses you.
You shoot an arrow. The arrow hits the ogre.
The ogre is moderately wounded.
The gnoll hits you from afar with a +0 spear!
The ogre hits you with a +0 giant spiked club!!
Ouch! That really hurt!
You shoot an arrow. The arrow hits the ogre!
The ogre is severely wounded.
The gnoll hits you from afar with a +0 spear!
You die...

.........###.#..#
.........# #....#
.........# ###.##
......#.## #.#
?.....#.######.#
......#......#.############
..... ######.#.............
.... #gO)#.##############
.... #.#@#.#.. #g#.#.#.##
#g#.#.#..# # #.#.#.#)##.#
#g#.#......# #.#.###.####
#O#.# #.# #.###.# #.....#


You could see an ogre and a gnoll.

Vanquished Creatures
  A hound (D:4)
  3 gnolls (D:4)
  5 adders (D:2)
  A ribbon worm (D:2)
  4 ball pythons (D:1)
  4 bats
  7 endoplasms
  A giant cockroach (D:1)
  7 goblins
  7 hobgoblins
  6 jackals
  A quokka (D:1)
  4 frilled lizards
  3 kobolds
  6 rats
60 creatures vanquished.

Notes
Turn   | Place    | Note
-------+----------+-------------------------------------------
     0 | D:1      | qw the Djinni Hunter began the quest for the Orb.
     0 | D:1      | Reached XP level 1. HP: 18/18 MP: 0/0
     0 | D:1      | 0 ||| qw: Version: 0.3-a-135-gb77e89d
     0 | D:1      | 0 ||| qw: Game counter: 837
     0 | D:1      | 0 ||| qw: Melee chars always use a shield: true
     0 | D:1      | 0 ||| qw: God list: Okawaru
     0 | D:1      | 0 ||| qw: Allow faded altars: false
     0 | D:1      | 0 ||| qw: Do Orc after clearing Dungeon:15 true
     0 | D:1      | 0 ||| qw: Do second Lair branch before Depths: true
     0 | D:1      | 0 ||| qw: Lair rune preference: random
     0 | D:1      | 0 ||| qw: Goals: Normal
     0 | D:1      | 0 ||| PLANNING D:1-11
   143 | D:1      | Reached XP level 2. HP: 23/23 MP: 0/0
   509 | D:1      | Reached skill level 4 in Ranged Weapons
   509 | D:1      | Reached XP level 3. HP: 28/28 MP: 0/0
   509 | D:1      | Learned a level 1 spell: Necrotise
   652 | D:1      | 652 ||| UPGRADING to ring of ice.
   653 | D:1      | 653 ||| READING scroll labelled DURREI CUENIKH.
   658 | D:1      | 658 ||| READING scroll labelled VAWAURI ZEJADYOR.
   658 | D:1      | 658 ||| IDENTIFYING bubbling emerald potion
   659 | D:1      | 659 ||| READING scroll labelled EHYXZA YHEKEL.
   660 | D:1      | 660 ||| DROPPING scroll of butterflies.
   661 | D:1      | 661 ||| DROPPING potion of magic.
   675 | D:2      | 675 ||| STAIRDANCE
   816 | D:2      | Reached skill level 3 in Fighting
   816 | D:2      | Reached XP level 4. HP: 31/35 MP: 0/0
  1287 | D:2      | Reached skill level 3 in Dodging
  1324 | D:2      | HP: 8/35 [frozen (2)]
  1477 | D:2      | Found a faded altar of an unknown god.
  1645 | D:2      | 1645 ||| DROPPING scarf of invisibility.
  1646 | D:2      | 1646 ||| UPGRADING to ring of protection from fire.
  1647 | D:2      | 1647 ||| READING scroll of identify.
  1647 | D:2      | 1647 ||| IDENTIFYING blue potion
  1648 | D:2      | 1648 ||| READING scroll labelled OSTIDO NEMA.
  1649 | D:2      | 1649 ||| READING scroll labelled MAVU DEAFUHAYRGH.
  1650 | D:2      | 1650 ||| DRINKING 2 black potions.
  1897 | D:3      | Reached XP level 5. HP: 40/40 MP: 0/0
  1897 | D:3      | Learned a level 2 spell: Ensorcelled Hibernation
  1908 | D:3      | Found a hazy altar of Hepliaklqana.
  1908 | D:3      | Found a snail-covered altar of Cheibriados.
  2266 | D:3      | Found an opulent altar of Gozag.
  2346 | D:3      | 2346 ||| UPGRADING to amulet of regeneration.
  2351 | D:3      | 2351 ||| READING 2 scrolls of identify.
  2351 | D:3      | 2351 ||| IDENTIFYING green potion
  2352 | D:3      | 2352 ||| READING scroll of identify.
  2352 | D:3      | 2352 ||| IDENTIFYING 2 amethyst potions
  2353 | D:3      | 2353 ||| READING scroll labelled XEUNUG COULON.
  2354 | D:3      | 2354 ||| DROPPING potion of ambrosia.
  2382 | D:4      | 2382 ||| PLANNING SEWER
  2416 | D:4      | Found a staircase to the Ecumenical Temple.
  2541 | D:4      | Noticed an ogre
  2542 | D:4      | 2542 ||| RETREEEEATING.
  2556 | D:4      | HP: 10/40 [gnoll/+0 spear (5)]
  2557 | D:4      | 2557 ||| DRINKING 2 potions of heal wounds.
  2563 | D:4      | HP: 5/40 [gnoll/+0 spear (9)]
  2564 | D:4      | 2564 ||| DRINKING potion of heal wounds.
  2567 | D:4      | HP: 2/40 [ogre/+0 giant spiked club (30)]
  2568 | D:4      | Slain by a gnoll

Levels and vault maps discovered:
D:1:      roderic_crossed_star, layout_basic
D:2:      layout_basic, shapermc_ecumenical_altar_flowoftime
D:3:      layout_basic, gammafunk_temple_overflow_elements,
          mainiacjoe_overflow_brackets, hangedman_decor_points,
          nicolae_underground_beach
D:4:      layout_basic, nicolae_qazlal_scattered_showers,
          minmay_temple_entry_junction, gup_sewer_entry_spiral

Skill      XL: |  1  2  3  4 |
---------------+-------------+-----
Ranged Weapons | 4 |  4.8
Fighting       | 3 |  3.0
Dodging        | 3 |  3.0
Stealth        | |  0.7

Action                     |  1- 3 |  4- 6 || total
---------------------------+-------+-------++-------
   Fire: Shortbow          |   103 |   118 ||   221
    Use: Scroll            |     3 |     6 ||     9
         Potion            |       |     3 ||     3
 Armour: Leather armour    |    42 |    53 ||    95
  Dodge: Dodged            |    46 |    72 ||   118

Table legend:
 A = Non-vault XP
 B = Vault XP
 C = Vault XP percentage of total XP
 D = Non-vault monster count
 E = Vault monster count
 F = Vault count percentage of total count
                 A         B        C        D         E       F
            +---------+---------+-------+---------+---------+-------
      Total |     239 |       0 |   0.0 |      60 |       0 |   0.0
            +---------+---------+-------+---------+---------+-------
        D:1 |      36 |       0 |   0.0 |      24 |       0 |   0.0
        D:2 |      96 |       0 |   0.0 |      21 |       0 |   0.0
        D:3 |      19 |       0 |   0.0 |      10 |       0 |   0.0
        D:4 |      88 |       0 |   0.0 |       5 |       0 |   0.0
            +---------+---------+-------+---------+---------+-------
